Map: Torri del crepuscolo

Players

Homungus

  • Race: Zerg Zerg

Jhyrachy - Winner!

  • Race: Zerg Zerg
  • League: Silver

VOD

Have the link to the VOD?

Description

Time

  • Played on: Dec. 7, 2015, 8:55 a.m.
  • Length: 9:38
Show
View Real Time Build Order
Export as new Build Order

Homungus Zerg 

Build Orders: Pool First 

Get SALT Encoding   

  12  0:19  Spawning Pool  
  11  0:22  Drone  
  11  0:27  Drone  
  13  0:31  Extractor  
  12  0:43  Overlord  
  13  0:57  Drone  
  13  1:05  Drone  
  13  1:07  Drone  
  13  1:11  Queen  
  15  1:16  Zergling x2  
  18  1:21  Zergling x2  
  19  1:31  Zergling x2  
  20  1:59  Zergling x4  
  22  2:03  Metabolic Boost  
  22  2:20  Hatchery  
  22  2:21  Overlord  
  21  2:24  Zergling x2  
  22  2:31  Overlord  
  21  3:09  Zergling x6  
  21  3:10  Zergling x6  
  25  3:35  Zergling x4  
  26  3:54  Zergling x4  
  26  4:06  Zergling x2  
  24  4:19  Zergling x6  
  24  4:38  Zergling x4  
  24  4:44  Queen  
  27  4:46  Baneling Nest  
  27  4:51  Zergling x4  
  27  4:52  Zergling x4  
  30  5:20  Queen  
  32  5:26  Overlord x2  
  31  5:33  Evolution Chamber  
  30  5:46  Zergling x10  
  30  5:47  Zergling x2  
  36  6:04  Zergling x4  
  38  6:19  Zerg Melee Weapons Level 1  
  38  6:24  Zergling x10  
  38  6:25  Zergling x10  
  48  6:41  Baneling x5  
  48  6:42  Baneling  
  48  6:57  Drone x3  
  34  7:35  Zergling x14  
  34  7:36  Zergling x2  
  41  7:55  Baneling x4  
  41  7:56  Baneling x4  
  41  8:04  Zergling x4  
  41  8:05  Zergling x2  
  29  8:36  Zergling x6  
  29  8:37  Zergling x10  
  30  8:55  Zergling x6  
  30  8:56  Zergling x2  
Show
View Real Time Build Order
Export as new Build Order

Jhyrachy Zerg - Winner!

Build Orders: Hatch First 

Get SALT Encoding   

  12  0:02  Drone  
  13  0:13  Overlord  
  13  0:17  Drone  
  14  0:31  Drone  
  14  0:32  Drone  
  16  0:37  Drone  
  17  0:56  Hatchery  
  16  0:57  Drone  
  16  1:03  Extractor  
  16  1:05  Drone  
  17  1:16  Spawning Pool  
  16  1:19  Drone  
  16  1:24  Overlord  
  17  1:34  Drone  
  18  1:49  Drone  
  19  2:04  Queen  
  19  2:06  Overlord  
  19  2:07  Overlord  
  21  2:09  Metabolic Boost  
  21  2:13  Drone  
  21  2:14  Drone  
  23  2:30  Extractor  
  23  2:31  Drone  
  23  2:33  Queen  
  25  2:52  Zergling x6  
  25  2:53  Zergling x4  
  26  3:26  Zergling x2  
  26  3:27  Zergling x14  
  32  3:36  Queen  
  30  4:22  Drone x2  
  30  4:23  Drone x2  
  34  5:00  Roach Warren  
  31  5:12  Overlord x2  
  31  5:42  Zergling x2  
  32  5:43  Zergling x22  
  43  6:35  Roach Warren, Roach  
  43  6:36  Roach x7  
  58  6:43  Overlord x2  
  58  6:44  Overlord  
  29  7:27  Roach x7  
  29  7:28  Roach x2  
  45  7:44  Roach x4  
  47  7:45  Baneling Nest  
  52  8:32  Baneling x4  
  52  8:33  Baneling x4  
  40  8:39  Zergling x12  
  40  8:40  Zergling x6  
Tags
 
Add a new tag
Caveats
  • Supply blocks, unpowered buildings, or Contaminate may cause inaccurate times.
  • Supply counts are checked every 10 seconds.